 Dungeon Crawl Stone Soup version 0.30-a0-313-gae38170b09 (webtiles) character file.

Game seed: 12164048069950247583

10 Babtu the Trooper (level 2, 0/27 HPs)
             Began as a Hill Orc Fighter on Oct 26, 2022.
             Succumbed to an adder's poison
             ... on level 4 of the Dungeon.
             The game lasted 00:02:04 (714 turns).

Babtu the Trooper (Hill Orc Fighter)                 Turns: 714, Time: 00:02:04

Health: 0/27       AC:  6    Str: 18    XL:     2   Next: 20%
Magic:  2/2        EV:  9    Int:  8    God:
Gold:   28         SH:  4    Dex: 10    Spells: 1/1 levels left

rFire   . . .      SeeInvis .    a - +0 war axe
rCold   . . .      Faith    .    c - +0 buckler
rNeg    . . .      Spirit   .    b - +0 scale mail
rPois   .          Reflect  .    (no helmet)
rElec   .          Harm     .    (no cloak)
rCorr   .          Rampage  .    (no gloves)
Will    .....                    (no boots)
Stlth   ..........               (no amulet)
HPRegen 0.24/turn                (no ring)
MPRegen 0.08/turn                (no ring)

@: lethally poisoned (0 -> -1)
A: no striking features
a: no special abilities


You were on level 4 of the Dungeon.
You visited 1 branch of the dungeon, and saw 4 of its levels.

You collected 28 gold pieces.

Inventory:

Hand Weapons
 a - a +0 war axe (weapon)
Armour
 b - a +0 scale mail (worn)
 c - a +0 buckler (worn)
Potions
 d - a potion of might
 f - a potion of brilliance {unknown}


   Skills:
 + Level 3.8 Fighting
 + Level 3.0 Axes
 + Level 3.5 Armour
 + Level 3.5 Shields


You had one spell level left.
You didn't know any spells.
Your spell library was empty.

Dungeon Overview and Level Annotations

Branches:
Dungeon (4/15)
 Temple: D:4-7

Altars:
Fedhas

Shops:
D:4 [


Message History

The adder attacks as you move away! The adder barely misses you.
The adder attacks as you move away! The adder bites you but does no damage.
The adder attacks as you move away! The adder barely misses you.
The adder attacks as you move away! The adder closely misses you.
The adder attacks as you move away! The adder bites you but does no damage.
The adder barely misses you. x2
The adder attacks as you move away! The adder barely misses you.
You block the adder's attack. The adder bites you but does no damage.
The adder attacks as you move away! The adder bites you but does no damage.
The adder attacks as you move away! The adder closely misses you.
You open the door. The adder bites you.
* * * LOW HITPOINT WARNING * * *
The adder closely misses you. The adder attacks as you move away!
The adder barely misses you. The adder bites you but does no damage.
The adder barely misses you. The adder bites you but does no damage.
There is an open door here.
The adder attacks as you move away! The adder closely misses you.
The adder attacks as you move away! The adder bites you but does no damage.
An adder comes into view.
The adder hisses angrily.
The adder bites you but does no damage. The adder bites you but does no damage.
You closely miss the adder. You slash the adder! The adder closely misses you.
The adder barely misses you. The adder bites you but does no damage.
The adder attacks as you move away! The adder closely misses you.
The adder bites you.
* * * LOW HITPOINT WARNING * * *
The adder bites you.
* * * LOW HITPOINT WARNING * * *
You are poisoned.
The adder poisons you!
* * * LOW HITPOINT WARNING * * *
You feel sick. The adder closely misses you.
* * * LOW HITPOINT WARNING * * *
You feel sick. You block the adder's attack. The adder bites you.
* * * LOW HITPOINT WARNING * * *
* * * LOW HITPOINT WARNING * * *
You feel sick.
You die...

#...........
#.....#....).†....
#.... #........+..
#...# #........#..
#...####+#.....#..
#........#.....#..
#........#.....#..
#..S.....#.....#..
#@.SS....#.....#..
#...##...#.....#'#
##+###...#.....#..
#....'.....#..
#....#.....#..
#....#.....#..
######.....###
#######


You could see 3 adders.

Vanquished Creatures
  A hobgoblin (D:1)
  A quokka (D:1)
  3 ball pythons
  A bat (D:1)
  2 goblins (D:1)
  A kobold (D:4)
  3 rats (D:1)
12 creatures vanquished.

Notes
Turn   | Place    | Note
-------+----------+-------------------------------------------
     0 | D:1      | Babtu the Hill Orc Fighter began the quest for the Orb.
     0 | D:1      | Reached XP level 1. HP: 19/19 MP: 1/1
   265 | D:1      | Reached XP level 2. HP: 27/27 MP: 2/2
   600 | D:2      | You fall into a shaft and drop 1 floor!
   600 | D:3      | Found a blossoming altar of Fedhas.
   644 | D:4      | Found Miruod's Armour Boutique.
   713 | D:4      | HP: 1/27 [poisoned by an adder]
   714 | D:4      | Succumbed to an adder's poison

Illustrated notes

Levels and vault maps discovered:
D:1:      minmay_arrival_semitransparent, layout_basic, chequers_mini_garden
D:2:      layout_basic, basic_altar
D:3:      minmay_recursive_quarters, layout_loops_cross, fedhas_altar_2,
          gammafunk_ghost_mausoleum, serial_forest, infiniplex_forest_side_room,
          infiniplex_forest_lined_1, infiniplex_forest_zigzag_1,
          infiniplex_forest_split, infiniplex_forest_lined_room_,
          infiniplex_forest_straight_3, infiniplex_forest_lined_1,
          infiniplex_forest_zigzag_1, infiniplex_forest_lined_room_2,
          infiniplex_forest_clump_tiny, nicolae_ecumenical_lake_church,
          cheibrodos_sewer_entry_bend
D:4:      layout_gridville, serial_shops, nicolae_stop_n_shop_1,
          uniq_crazy_yiuf_cottage, uniq_eustachio

Skill      XL: |  1  2 |
---------------+-------+-----
Axes           | 3 |  3.0
Fighting       | |  3.8
Armour         | |  3.5
Shields        | |  3.5

Action                   || total
-------------------------++-------
Melee: War axe           ||    28
  Use: Potion            ||     1
Armor: Scale mail        ||    66
Dodge: Dodged            ||    71
Block: Buckler           ||    17

Table legend: (Time is in decaauts)
 A = Elapsed time spent in this place.
 B = Non-inter-level travel time spent in this place.
 C = Inter-level travel time spent in this place.
 D = Time resting spent in this place.
 E = Time spent auto-exploring this place.
 F = Levels seen in this place.
 G = Mean time per level.
                   A        B        C        D        E       F      G
               +--------+--------+--------+--------+--------+-----+--------+
         Total |    737 |    737 |      0 |     60 |    410 |   4 |  184.2 |
       Dungeon |    737 |    737 |      0 |     60 |    410 |   4 |  184.2 |
               +--------+--------+--------+--------+--------+-----+--------+

Top non-repeatable levels by time:
     D:1: 578 daAuts
     D:4: 70 daAuts
     D:3: 44 daAuts
     D:2: 43 daAuts
